 Dungeon Crawl Stone Soup version 0.31-a0-455-g1a7b003ef0 (webtiles) character file.

Game seed: 833131317633712774

4360 vineage the Fighter (level 10, -1/68 HPs)
             Began as a Gargoyle Fighter on Aug 3, 2023.
             Was a Priest of Okawaru.
             Killed from afar by Maggie (21 damage)
             ... with a bolt of fire
             ... on level 8 of the Dungeon.
             The game lasted 00:06:51 (6513 turns).

vineage the Fighter (Gargoyle Fighter)              Turns: 6513, Time: 00:06:52

Health: -1/68      AC: 31    Str: 22    XL:     10   Next: 34%
Magic:  8/11       EV:  8    Int:  9    God:    Okawaru [***...]
Gold:   172        SH:  8    Dex: 11    Spells: 9/9 levels left

rFire   x . .        m - +10 whip "Latai" {pain, rElec rF- rN+}
rCold   . . .        c - +1 buckler
rNeg    + + .        w - +0 plate armour
rPois   ∞            (no helmet)
rElec   +            u - +0 cloak
rCorr   .            y - +0 pair of gloves
SInv    +            p - +0 pair of boots
Will    .....        (no amulet) Stlth
                     g - +4 ring of protection
HPRegen 0.31/turn    b - ring of see invisible
MPRegen 0.12/turn

%: no passive effects
@: heroic, marked, mesmerised, studying Short Blades
A: sickness immunity, AC +7, negative energy resistance 1, electricity
resistance, torment resistance 1, petrification resistance
a: Renounce Religion, Heroism


You were on level 8 of the Dungeon.
You worshipped Okawaru.
Okawaru was most pleased with you.
You visited 2 branches of the dungeon, and saw 9 of its levels.

You collected 172 gold pieces.

Inventory:

Hand Weapons
 a - a +1 flail
 m - the +10 whip "Latai" (weapon) {pain, rElec rF- rN+}
   (You found it on level 2 of the Dungeon)

   rF:        It makes you vulnerable to fire.
   rElec:     It insulates you from electricity.
   rN:        It protects you from negative energy.
Armour
 c - a +1 buckler (worn)
 p - a +0 pair of boots (worn)
 u - a +0 cloak (worn)
 w - a +0 plate armour (worn)
 y - a +0 pair of gloves (worn)
Jewellery
 b - a ring of see invisible (right hand)
 g - a +4 ring of protection (left hand)
 s - an amulet of guardian spirit
 B - a ring of protection from cold
Wands
 r - a wand of light (2)
 x - a wand of digging (6)
Scrolls
 e - 2 scrolls of immolation
 f - 5 scrolls of enchant armour
 l - 2 scrolls of teleportation
 z - a scroll of enchant weapon
 A - a scroll of identify
Potions
 d - 3 potions of might
 h - 2 potions of haste
 i - 3 potions of magic
 j - 2 potions of lignification
 k - 2 potions of curing
 n - a potion of enlightenment
 o - 2 potions of berserk rage
 q - 2 potions of attraction
 t - a potion of degeneration {unknown}
 v - a potion of resistance


   Skills:
 * Level 10.4(15.4) Fighting
 * Level 8.3(13.3) Maces & Flails
 + Level 7.2(12.2) Armour
 + Level 7.2(12.2) Shields
 * Level 1.5 Invocations


You had 9 spell levels left.
You didn't know any spells.
Your spell library contained the following spells:

 Spells                   Type           Power      Damage    Failure   Level
 Necrotise                Necr           0%         1d4       99%         1
 Sandblast                Erth           0%         2d4       99%         1
 Sting                    Tmut/Pois      0%         1d3       99%         1
 Passwall                 Tmut/Erth      0%         N/A       100%        2
 Poisonous Vapours        Pois/Air       0%         N/A       100%        2
 Stone Arrow              Conj/Erth      0%         3d7       100%        3
 Vampiric Draining        Necr           0%         2d6       100%        3
 Olgreb's Toxic Radiance  Pois           0%         N/A       100%        4
 Agony                    Necr           0%         N/A       100%        5
 Conjure Ball Lightning   Conj/Air       0%         3x3d6     100%        6
 Discord                  Hex            0%         N/A       100%        8
 Disjunction              Tloc           0%         N/A       100%        8


Dungeon Overview and Level Annotations

Branches:
Dungeon (8/15)             Temple (1/1) D:6
   Lair: D:8-11

Altars:
Ashenzari
Cheibriados
Dithmenos
Elyvilon
Fedhas
Gozag
Hepliaklqana
Kikubaaqudgha
Makhleb
Nemelex Xobeh
Okawaru
Qazlal
Ru
Sif Muna
Trog
Uskayaw
Vehumet
Wu Jian
Xom
Yredelemnul
Zin
The Shining One

Shops:
D:4 [

Annotations:
D:5 2 transporters
D:8 Maggie


Innate Abilities, Weirdness & Mutations

You are immune to sickness and miasma.
Your stone body is resilient. (AC +7)
You are immune to poison.
You resist negative energy. (rN+)
You are resistant to electric shocks. (rElec)
You are resistant to unholy torment.
You are immune to petrification.


Message History

You whack the gnoll!
You kill the gnoll!
Okawaru accepts your kill.
Maggie the Vainglorious comes into view.
She is wielding a +2 heavy scimitar.
The gnoll sergeant hits you but does no damage.
Maggie points at you and mumbles some strange words.
The bolt of fire hits you.
You whack Maggie!
Maggie is lightly wounded.
Maggie gestures at you while chanting. The bolt of fire hits you!!!
The fire burns you terribly!
Ouch! That really hurt!
The gnoll sergeant hits you but does no damage.
You are too injured to fight recklessly!
You are too injured to fight recklessly!
You are too injured to fight recklessly!
You are too injured to fight recklessly!
You are too injured to fight recklessly!
You gain the combat prowess of a mighty hero.
Maggie gestures wildly while chanting.
Maggie attempts to bespell you!
You are mesmerised by Maggie!
You block the gnoll sergeant's attack.
You whack Maggie!
Maggie is moderately wounded.
You whack Maggie!
Maggie is heavily wounded.
The gnoll sergeant hits you from afar with a +0 spear.
Maggie hits you with a +2 heavy scimitar!
* * * LOW HITPOINT WARNING * * *
You closely miss Maggie.
Maggie is heavily wounded.
You hit Maggie.
Maggie is heavily wounded.
The gnoll sergeant closely misses you.
You whack Maggie!
Maggie is severely wounded.
Maggie casts a spell at you. The bolt of fire hits you!!
The fire burns you terribly!
You die...

#..........#..........
#.###..######.....####
#. #..# ##...##
###.###..# #.##
.....#..# .#
.####.#.#..# ..
...........# .#
####....@.# ###.##@#
#.##.# #.##g#
#.##g##### #.##o#g..##
#.##oo....##
#.##.......#
...#.......# ........#


You could see Maggie (mesmerising), a gnoll sergeant, an orc wizard (invisible),
a gnoll and 2 orcs.

Vanquished Creatures
  A two-headed ogre (D:7)
  A merfolk (D:6)
  5 water elementals (D:6)
  Edmund (D:4)
  Duvessa (D:7)
  A water moccasin (D:8)
  An orc warrior (D:6)
  5 ogres
  2 black bears
  2 phantoms
  3 bullfrogs
  3 scorpions
  5 wights (D:7)
  Dowan (D:7)
  3 howler monkeys (D:5)
  2 electric eels (D:7)
  A hound (D:6)
  A jelly (D:6)
  An orc priest (D:6)
  2 sleepcaps (D:6)
  6 iguanas
  7 orc wizards
  8 gnolls
  11 adders
  A shadow imp (D:6)
  A white imp (D:6)
  An ufetubus (D:6)
  A worm (D:4)
  2 dart slugs (D:1)
  24 orcs
  6 bats
  5 endoplasms
  3 giant cockroaches
  10 goblins
  11 hobgoblins
  5 jackals
  4 quokkas
  9 ball pythons
  3 kobolds
  4 rats
164 creatures vanquished.

Vanquished Creatures (others)
  An orc (D:7)
1 creature vanquished.

Grand Total: 165 creatures vanquished

Notes
Turn   | Place    | Note
-------+----------+-------------------------------------------
     0 | D:1      | vineage the Gargoyle Fighter began the quest for the Orb.
     0 | D:1      | Reached XP level 1. HP: 14/14 MP: 1/1
    28 | D:1      | Reached XP level 2. HP: 19/19 MP: 2/2
   348 | D:1      | Reached XP level 3. HP: 21/24 MP: 3/3
   375 | D:1      | Reached skill level 4 in Fighting
   690 | D:2      | Identified the +10 whip "Latai" {pain, rElec rF- rN+}
   729 | D:2      | Found a shimmering blue altar of Sif Muna.
   826 | D:2      | Reached XP level 4. HP: 28/30 MP: 4/4
  1280 | D:3      | Reached XP level 5. HP: 34/34 MP: 5/5
  2035 | D:4      | Reached skill level 5 in Fighting
  2120 | D:4      | Reached XP level 6. HP: 38/40 MP: 6/6
  2153 | D:4      | Noticed a black bear
  2161 | D:4      | Killed a black bear
  2356 | D:4      | Reached skill level 6 in Fighting
  2356 | D:4      | Reached XP level 7. HP: 41/46 MP: 7/7
  2430 | D:4      | Noticed Edmund
  2443 | D:4      | Killed Edmund
  2617 | D:4      | Found Pebb's Armour Emporium.
  2958 | D:5      | Entered Level 5 of the Dungeon
  2958 | D:5      | Found a transporter.
  3093 | D:5      | Reached skill level 7 in Fighting
  3093 | D:5      | Reached XP level 8. HP: 45/53 MP: 8/8
  3098 | D:5      | Reached skill level 5 in Maces & Flails
  3101 | D:5      | Reached skill level 5 in Shields
  3110 | D:5      | Reached skill level 5 in Armour
  3447 | D:5      | Found a transporter.
  3623 | D:5      | Reached skill level 8 in Fighting
  3870 | D:6      | Found a staircase to the Ecumenical Temple.
  3893 | Temple   | Entered the Ecumenical Temple
  3928 | Temple   | Became a worshipper of Warmaster Okawaru
  4362 | D:6      | Reached XP level 9. HP: 31/60 MP: 9/9
  5129 | D:7      | Noticed a merfolk
  5145 | D:6      | Reached * piety under Okawaru
  5146 | D:6      | Reached skill level 9 in Fighting
  5379 | D:6      | Reached ** piety under Okawaru
  5728 | D:6      | Killed a merfolk
  5850 | D:7      | Noticed Duvessa
  5850 | D:7      | Noticed Dowan
  5861 | D:7      | Killed Duvessa
  5865 | D:7      | Killed Dowan
  5945 | D:7      | Found a sacrificial altar of Ru.
  5987 | D:7      | Noticed a two-headed ogre
  6000 | D:7      | Killed a two-headed ogre
  6001 | D:7      | Reached skill level 10 in Fighting
  6001 | D:7      | Reached XP level 10. HP: 56/68 MP: 7/10
  6172 | D:7      | Found a stormy altar of Qazlal.
  6286 | D:7      | Reached skill level 1 in Invocations
  6502 | D:8      | Reached *** piety under Okawaru
  6505 | D:8      | Noticed Maggie
  6513 | D:8      | Killed from afar by Maggie

Illustrated notes

Levels and vault maps discovered:
D:1:      minmay_arrival_open_corners, layout_rooms
D:2:      layout_rooms, basic_altar, serial_bayou, serial_bayou_crossing,
          serial_bayou_lagoon_b, serial_bayou_shore_b, serial_bayou_lake_a,
          serial_bayou_lagoon_a, serial_bayou_pond_d
D:3:      layout_basic, minmay_misc_feat_iff
D:4:      layout_cave_pools, serial_shops, nicolae_shop_just_a_little_nook,
          minmay_manual_mess, uniq_edmund
D:5:      gammafunk_wand_slinger, layout_cave_pools, st_stairs_7
D:6:      layout_cave_pods, minmay_temple_entry_ruins
D:7:      layout_rooms, nicolae_qazlal_scattered_showers,
          nicolae_ru_awakened_eye, nicolae_rank_and_phial, uniq_duvessa
D:8:      layout_loops_ring, uniq_maggie
Temple:   mainiacjoe_temple_big_plus

Skill      XL: |  1  2  3  4  5  6  7  8  9 10 |
---------------+-------------------------------+-----
Fighting       | 4 5 6 7 8 10 | 10.4
Maces & Flails | 3 4 6 8 |  8.3
Armour         | 4 5 7 |  7.2
Shields        | 4 5 7 |  7.2
Invocations    | 1 |  1.5

Action                     |  1- 3 |  4- 6 |  7- 9 | 10-12 || total
---------------------------+-------+-------+-------+-------++-------
  Melee: Flail             |    76 |       |       |       ||    76
         Whip              |     7 |   110 |   284 |    59 ||   460
 Invoke: Heroism           |       |       |     1 |     1 ||     2
    Use: Scroll            |     7 |     3 |     7 |       ||    17
         Potion            |       |       |     3 |       ||     3
 Armour: Scale mail        |    47 |    52 |    44 |       ||   143
         Plate armour      |       |       |   101 |    28 ||   129
  Dodge: Dodged            |    48 |    40 |    87 |    12 ||   187
  Block: Buckler           |    11 |    33 |    77 |    10 ||   131

Table legend: (Time is in decaauts)
 A = Elapsed time spent in this place.
 B = Non-inter-level travel time spent in this place.
 C = Inter-level travel time spent in this place.
 D = Time resting spent in this place.
 E = Time spent auto-exploring this place.
 F = Levels seen in this place.
 G = Mean time per level.
                   A        B        C        D        E       F      G
               +--------+--------+--------+--------+--------+-----+--------+
         Total |   6505 |   6196 |    309 |   1045 |   4013 |   9 |  722.8 |
       Dungeon |   6448 |   6195 |    253 |   1045 |   4013 |   8 |  806.0 |
        Temple |     57 |      1 |     56 |      0 |      0 |   1 |   57.0 |
               +--------+--------+--------+--------+--------+-----+--------+

Top non-repeatable levels by time:
     D:6: 1573 daAuts
     D:5: 1077 daAuts
     D:3: 1042 daAuts
     D:4: 775 daAuts
     D:7: 725 daAuts
     D:2: 691 daAuts
     D:1: 504 daAuts
     D:8: 58 daAuts
  Temple: 57 daAuts
